 Dungeon Crawl Stone Soup version 0.30-a0-937-ga0a21ad780 (webtiles) character file.

Game seed: 12239016537823075392

11349 Hubris850 the Severer (level 11, -1/89 HPs)
             Began as a Hill Orc Fighter on Mar 24, 2023.
             Was a Priest of Lugonu.
             Slain by a komodo dragon (8 damage)
             ... on level 1 of the Lair of Beasts.
             The game lasted 00:37:22 (12541 turns).

Hubris850 the Severer (Hill Orc Fighter)           Turns: 12541, Time: 00:37:23

Health: -1/89      AC: 22    Str: 30    XL:     11   Next: 76%
Magic:  14/14      EV: 10    Int:  8    God:    Lugonu [***...]
Gold:   666        SH:  5    Dex: 12    Spells: 10/10 levels left

rFire   . . .      SeeInvis .    a - +0 war axe
rCold   . . .      Faith    .    c - +0 buckler
rNeg    . . .      Spirit   .    V - +7 ring mail "Bevateil" {Str+2}
rPois   .          Reflect  .    T - +2 helmet
rElec   .          Rampage  .    M - +1 cloak
rCorr   .                        E - +0 pair of gloves
Will    +....                    P - +1 pair of boots
Stlth   +                        (no amulet)
HPRegen 0.34/turn                g - +6 ring of strength
MPRegen 0.14/turn                C - ring of willpower

@: no status effects
A: no striking features
a: Renounce Religion, Depart the Abyss, Banish


You were on level 1 of the Lair of Beasts.
You worshipped Lugonu.
Lugonu was most pleased with you.
You visited 3 branches of the dungeon, and saw 13 of its levels.
You visited the Abyss 1 time.
You also visited: Sewer and Ossuary.

You collected 666 gold pieces.

Inventory:

Hand Weapons
 a - a +0 war axe (weapon)
 d - a +2 scimitar of flaming
Missiles
 b - a throwing net
 u - 34 poisoned darts (quivered)
 y - 11 atropa-tipped darts
 D - 2 curare-tipped darts
 Y - 3 boomerangs
Armour
 c - a +0 buckler (worn)
 E - a +0 pair of gloves (worn)
 M - a +1 cloak (worn)
 P - a +1 pair of boots (worn)
 T - a +2 helmet (worn)
 V - the +7 ring mail "Bevateil" (worn) {Str+2}
   (You found it on level 6 of the Dungeon)

   Str:       It affects your strength (+2).
Jewellery
 g - a +6 ring of strength (left hand)
 k - a +4 ring of protection
 C - a ring of willpower (right hand)
Wands
 w - a wand of iceblast (7)
 N - a wand of flame (22)
 U - a wand of paralysis (8)
Scrolls
 e - a scroll of silence {unknown}
 h - 3 scrolls of enchant armour
 n - 5 scrolls of teleportation {unknown}
 v - 3 scrolls of blinking {unknown}
 x - a scroll of poison
 z - 2 scrolls of torment {unknown}
 B - 3 scrolls of amnesia {unknown}
 K - a scroll of fear {unknown}
 S - 3 scrolls of magic mapping {unknown}
Potions
 j - 2 potions of berserk rage {unknown}
 l - 3 potions of cancellation {unknown}
 m - 5 potions of ambrosia
 o - 4 potions of flight {unknown}
 p - a potion of magic
 s - 6 potions of curing
 t - 3 potions of heal wounds
 I - a potion of lignification
 O - 2 potions of attraction {unknown}
 Q - 3 potions of degeneration {unknown}


   Skills:
 - Level 6.0 Fighting
 - Level 19.1 Axes
 + Level 3.5 Throwing
 - Level 6.0 Armour
 - Level 6.0 Shields
 + Level 5.2 Invocations
 + Level 3.8 Evocations


You had 10 spell levels left.
You didn't know any spells.
Your spell library contained the following spells:

 Spells                   Type           Power      Damage    Failure   Level
 Lesser Beckoning         Tloc           0%         N/A       75%         2
 Gell's Gravitas          Tloc           0%         N/A       92%         3
 Ignite Poison            Fire/Tmut/Pois 0%         N/A       92%         3
 Kindle Blastsparks       Fire/Tloc/Air  0%         2d10      92%         3
 Teleport Other           Tloc           0%         N/A       92%         3
 Tukima's Dance           Hex            0%         N/A       92%         3
 Passage of Golubria      Tloc           0%         N/A       100%        4
 Freezing Cloud           Conj/Ice/Air   0%         6-21      100%        5
 Yara's Violent Unravell  Hex/Tmut       0%         3d3       100%        5
 Simulacrum               Ice/Necr       0%         N/A       100%        6
 Polar Vortex             Ice            0%         N/A       100%        9


Dungeon Overview and Level Annotations

Branches:
Dungeon (11/15)            Temple (1/1) D:5            Lair (1/5) D:8
  Sewer (visited)         Ossuary (visited)
    Orc: D:9-12

Altars:
Ashenzari
Cheibriados
Dithmenos
Elyvilon
Fedhas
Gozag
Hepliaklqana
Kikubaaqudgha
Makhleb
Nemelex Xobeh
Okawaru
Qazlal
Ru
Sif Muna
Trog
Uskayaw
Vehumet
Wu Jian
Xom
Yredelemnul
Zin
The Shining One

Annotations:
D:5 1 runed translucent door, thiefwriter's ghost, novice HuGl
D:6 3 runed translucent doors, oldplebian's ghost, novice HOCA
D:8 1 runed translucent door


Message History

The komodo dragon is severely wounded.
You slash the cane toad! The komodo dragon barely misses you.
You hit the komodo dragon but do no damage.
The komodo dragon is severely wounded.
You hit the cane toad but do no damage.
The cane toad stings you but does no damage.
You barely miss the komodo dragon.
The komodo dragon is severely wounded.
You slash the cane toad! The cane toad stings you. The komodo dragon bites you.
You slash the cane toad!
You kill the cane toad!
Lugonu accepts your kill.
You closely miss the komodo dragon. The komodo dragon closely misses you.
You closely miss the komodo dragon.
The komodo dragon is severely wounded.
The komodo dragon bites you!!
* * * LOW HITPOINT WARNING * * *
You are too injured to fight recklessly!
You are too injured to fight recklessly!
You barely miss the komodo dragon.
The komodo dragon is heavily wounded.
You barely miss the komodo dragon.
The komodo dragon is heavily wounded.
The komodo dragon barely misses you.
You completely miss the komodo dragon.
The komodo dragon is heavily wounded.
You block the komodo dragon's attack.
You barely miss the komodo dragon.
The komodo dragon is heavily wounded.
The komodo dragon bites you but does no damage.
You slash the komodo dragon!
The komodo dragon is almost dead.
You completely miss the komodo dragon.
The komodo dragon is almost dead.
The komodo dragon bites you!!
* * * LOW HITPOINT WARNING * * *
You barely miss the komodo dragon.
The komodo dragon is almost dead.
The komodo dragon bites you!
You die...

##.# .......
+........# #
#........# ####.##
#........# .......
#........#####.......
#.........##.@l$..)..
#........#...#.......
#........'.#.#.......
#..†......####.......
##.'####.## #####..
##.# ### . ###.##
####....#######
#..............


You could see a komodo dragon.

Vanquished Creatures
  Erica (D:8)
  A boulder beetle (Lair:1)
  A two-headed ogre (D:10)
  Pikel (D:7)
  An ugly thing (D:9)
  Maurice (D:8)
  Joseph (D:8)
  A cane toad (Lair:1)
  Psyche (D:8)
  A queen bee (D:10)
  A troll (D:10)
  A polar bear (Lair:1)
  2 hornets (D:9)
  2 wyverns
  2 shadows
  A yak (D:8)
  Edmund (D:4)
  3 water moccasins
  3 orc warriors
  2 black bears (D:8)
  An ice beast (D:6)
  6 ogres
  A centaur (D:8)
  A lemure (D:7)
  A phantom (D:7)
  7 kobold brigands
  4 bullfrogs
  3 scorpions
  5 wights (D:9)
  3 water moccasin zombies (Ossuary)
  30 killer bees
  2 howler monkeys (D:8)
  3 centaur zombies (Ossuary)
  2 hounds
  2 gnoll boudas
  4 jellies
  6 orc priests
  5 sleepcaps
  Jessica (D:3)
  3 iguanas
  8 orc wizards
  5 scorpion zombies (Ossuary)
  A mummy (Ossuary)
  7 adders
  13 gnolls
  4 river rats (Sewer)
  2 white imps
  4 ufetubi
  3 adder zombies (Ossuary)
  10 worms
  2 dart slugs (D:3)
  34 orcs
  8 ball pythons
  8 bats
  14 endoplasms
  3 giant cockroaches
  A gnoll zombie (Ossuary)
  A goblin (D:1)
  5 hobgoblins
  22 kobolds
  A quokka (D:4)
  6 frilled lizards
  4 goblin zombies (Ossuary)
  5 hobgoblin zombies (Ossuary)
  8 orc zombies (Ossuary)
  8 rats
305 creatures vanquished.

Vanquished Creatures (others)
  5 fungi
  3 plants
  2 withered plants (D:5)
10 creatures vanquished.

Grand Total: 315 creatures vanquished

Notes
Turn   | Place    | Note
-------+----------+-------------------------------------------
     0 | D:1      | Hubris850 the Hill Orc Fighter began the quest for the Orb.
     0 | D:1      | Reached XP level 1. HP: 19/19 MP: 1/1
   376 | D:1      | Reached XP level 2. HP: 27/27 MP: 2/2
   383 | D:1      | Reached skill level 3 in Axes
   599 | D:1      | Found a faded altar of an unknown god.
   755 | D:2      | Reached XP level 3. HP: 31/33 MP: 3/3
   975 | D:2      | Found an iron altar of Okawaru.
  1436 | D:3      | Found a glowing drain.
  1464 | D:3      | Reached XP level 4. HP: 15/40 MP: 4/4
  1558 | Sewer    | Entered a sewer
  1635 | Sewer    | Noticed a kobold brigand
  1650 | Sewer    | Killed a kobold brigand
  1651 | Sewer    | Reached skill level 5 in Axes
  1651 | Sewer    | Reached XP level 5. HP: 42/46 MP: 5/5
  1711 | Sewer    | Noticed a kobold brigand
  1725 | Sewer    | Killed a kobold brigand
  1726 | Sewer    | Reached skill level 6 in Axes
  1982 | Sewer    | Reached XP level 6. HP: 52/52 MP: 6/6
  2040 | Sewer    | Reached skill level 7 in Axes
  2250 | Sewer    | Reached skill level 8 in Axes
  2254 | Sewer    | Reached XP level 7. HP: 23/59 MP: 7/7
  2602 | D:3      | Reached skill level 9 in Axes
  2940 | D:3      | Noticed Jessica
  2945 | D:3      | Killed Jessica
  3132 | D:3      | Found a shimmering blue altar of Sif Muna.
  3689 | D:4      | Found a sand-covered staircase.
  3856 | Ossuary  | Entered an ossuary
  3926 | Ossuary  | Reached skill level 10 in Axes
  4033 | Ossuary  | Reached skill level 11 in Axes
  4033 | Ossuary  | Reached XP level 8. HP: 66/66 MP: 8/8
  4090 | Ossuary  | Noticed a silent spectre
  4212 | D:4      | Noticed Edmund
  4238 | D:4      | Killed Edmund
  4239 | D:4      | Reached skill level 12 in Axes
  4727 | D:4      | Reached skill level 13 in Axes
  4841 | D:5      | Entered Level 5 of the Dungeon
  5309 | D:5      | Found a radiant altar of Vehumet.
  5445 | D:5      | Reached XP level 9. HP: 52/71 MP: 9/9
  5543 | D:5      | Reached skill level 14 in Axes
  5824 | D:5      | Found a staircase to the Ecumenical Temple.
  5829 | Temple   | Entered the Ecumenical Temple
  5955 | D:5      | Found an iron altar of Okawaru.
  6327 | D:5      | Found a runed translucent door.
  6327 | D:5      | Noticed thiefwriter's ghost (novice HuGl)
  6526 | D:5      | Found a hide-covered altar of Uskayaw.
  6727 | D:6      | Found a runed translucent gate.
  6727 | D:6      | Found a runed translucent gate.
  6731 | D:6      | Found a runed translucent gate.
  6735 | D:6      | Noticed oldplebian's ghost (novice HOCA)
  7142 | D:6      | Reached skill level 5 in Fighting
  7160 | D:6      | Reached skill level 5 in Armour
  7170 | D:6      | Reached skill level 5 in Shields
  7514 | D:6      | Found a basalt altar of Yredelemnul.
  7573 | D:6      | Identified the +7 ring mail "Bevateil" {Str+2}
  7873 | D:7      | Found a blossoming altar of Fedhas.
  7880 | D:7      | Noticed Pikel
  7898 | D:7      | Killed Pikel
  7899 | D:7      | Reached skill level 15 in Axes
  7899 | D:7      | Reached XP level 10. HP: 83/83 MP: 10/10
  8604 | D:7      | Reached skill level 16 in Axes
  8994 | D:8      | Found a staircase to the Lair.
  9031 | D:8      | Found a glowing silver altar of Zin.
  9032 | D:8      | Found a snail-covered altar of Cheibriados.
  9051 | D:8      | Noticed Erica
  9051 | D:8      | Noticed Psyche
  9077 | D:8      | Killed Erica
  9078 | D:8      | Reached skill level 17 in Axes
  9084 | D:8      | Noticed Joseph
  9093 | D:8      | Killed Joseph
  9136 | Abyss:1  | Cast into level 1 of the Abyss (Psyche)
  9140 | Abyss:1  | Found a corrupted altar of Lugonu.
  9148 | Abyss:1  | Became a worshipper of Lugonu the Unformed
  9148 | Abyss:1  | Reached * piety under Lugonu
  9148 | Abyss:1  | Reached ** piety under Lugonu
  9160 | Abyss:1  | Noticed a purple ugly thing
  9160 | Abyss:1  | Noticed a large abomination
  9161 | Abyss:1  | Noticed a smoke demon
  9161 | Abyss:1  | Noticed a purple ugly thing
  9161 | Abyss:1  | Noticed a purple very ugly thing
  9161 | Abyss:1  | Noticed a purple ugly thing
  9162 | D:8      | Escaped the Abyss
  9171 | D:8      | Killed Psyche
  9328 | D:8      | Found a broken altar of Ashenzari.
  9475 | D:8      | Found an ancient bone altar of Kikubaaqudgha.
  9554 | D:8      | Noticed Maurice
  9574 | D:8      | Killed Maurice
  9575 | D:8      | Reached skill level 18 in Axes
 10009 | D:8      | Found a runed translucent door.
 10250 | D:9      | Reached XP level 11. HP: 88/89 MP: 11/11
 10263 | D:9      | Paralysed by a hornet for 3 turns
 10270 | D:9      | Paralysed by a hornet for 2 turns
 10709 | D:9      | Noticed a cyan ugly thing
 10723 | D:9      | Killed a cyan ugly thing
 10724 | D:9      | Reached skill level 19 in Axes
 11211 | D:10     | Entered Level 10 of the Dungeon
 11274 | D:10     | Reached skill level 1 in Invocations
 11286 | D:10     | Reached skill level 1 in Evocations
 11290 | D:10     | Reached skill level 1 in Throwing
 11798 | D:10     | Found a sparkling altar of Nemelex Xobeh.
 11858 | D:10     | Noticed a two-headed ogre
 11885 | D:10     | Killed a two-headed ogre
 12250 | Lair:1   | Entered Level 1 of the Lair of Beasts
 12250 | Lair:1   | Noticed a boulder beetle
 12263 | Lair:1   | Killed a boulder beetle
 12338 | Lair:1   | Reached *** piety under Lugonu
 12509 | Lair:1   | Reached skill level 5 in Invocations
 12541 | Lair:1   | Slain by a komodo dragon

Illustrated notes

Levels and vault maps discovered:
D:1:      matt_arrival_los_fun, layout_basic,
          ebering_ecumenical_altar_sacrificial, minmay_pentomino_v4
D:2:      layout_basic, basic_altar
D:3:      layout_basic, lemuel_coloured_pillars_altar,
          cheibrodos_sewer_entry_bend, uniq_jessica
D:4:      layout_loops_ring, nicolae_ossuary_entry_false_entrances, uniq_edmund
D:5:      layout_loops_corners, mainiacjoe_overflow_tiny_flanked,
          lemuel_tele_altar, okawaru_gym_becter, temple_doors_e,
          gammafunk_ghost_grave, minmay_misc_feat_rows
D:6:      layout_rooms, marbit_many_paths, gammafunk_ghost_split,
          kennysheep_generic_room_6
D:7:      layout_layer_cave, mainiacjoe_overflow_chevrons, uniq_pikel
D:8:      gammafunk_indiana_jones, layout_basic,
          mainiacjoe_overflow_small_starburst, kiku_gazebo_pond_becter,
          mainiacjoe_overflow_large_starburst, grunt_lair_entry_orc_guard_hut,
          uniq_joseph, uniq_psyche, uniq_erica, uniq_maurice
D:9:      layout_cave_pools, serial_rivers, chequers_serial_rivers_micro_c,
          chequers_serial_rivers_micro_a, chequers_serial_rivers_small_a,
          chequers_serial_rivers_micro_a, chequers_serial_rivers_large_b
D:10:     layout_roguey [special_room_bee], nemelex_spade_bored_becter
D:11:     layout_cave_pools, david_orc_2
Temple:   hellmonk_temple_of_storms
Lair:1:   layout_roguey

Skill      XL: |  1  2  3  4  5  6  7  8  9 10 11 |
---------------+----------------------------------+-----
Axes           | 3 5 6 8 11 13 15 18 19 | 19.1
Fighting       | 4 6 |  6.0
Armour         | 4 6 |  6.0
Shields        | 4 6 |  6.0
Invocations    | 5 |  5.2
Evocations     | 3 |  3.8
Throwing       | 3 |  3.5

Action                     |  1- 3 |  4- 6 |  7- 9 | 10-12 || total
---------------------------+-------+-------+-------+-------++-------
  Melee: War axe           |    97 |    83 |   419 |   362 ||   961
  Throw: Dart              |       |       |    65 |    59 ||   124
         Throwing net      |       |       |     2 |       ||     2
 Invoke: Depart the Abyss  |       |       |       |     1 ||     1
    Use: Scroll            |       |       |    13 |     3 ||    16
         Potion            |       |       |     7 |     2 ||     9
   Stab: Invisible         |       |       |       |     3 ||     3
 Armour: Scale mail        |    48 |    18 |   120 |       ||   186
         Chain mail        |       |       |    61 |       ||    61
         Ring mail         |       |       |    13 |   156 ||   169
  Dodge: Dodged            |    42 |    26 |   159 |   133 ||   360
  Block: Buckler           |    15 |    15 |    85 |    66 ||   181

Table legend: (Time is in decaauts)
 A = Elapsed time spent in this place.
 B = Non-inter-level travel time spent in this place.
 C = Inter-level travel time spent in this place.
 D = Time resting spent in this place.
 E = Time spent auto-exploring this place.
 F = Levels seen in this place.
 G = Mean time per level.
                   A        B        C        D        E       F      G
               +--------+--------+--------+--------+--------+-----+--------+
         Total |  12661 |  12398 |    263 |   1711 |   7914 |  16 |  791.3 |
       Dungeon |  10901 |  10646 |    255 |   1552 |   7010 |  11 |  991.0 |
        Temple |     40 |     33 |      7 |      0 |     24 |   1 |   40.0 |
          Lair |    280 |    280 |      0 |      0 |    185 |   1 |  280.0 |
         Abyss |     25 |     25 |      0 |      0 |      0 |   1 |   25.0 |
         Sewer |   1133 |   1133 |      0 |    124 |    694 |   1 | 1133.0 |
       Ossuary |    279 |    279 |      0 |     35 |      0 |   1 |  279.0 |
               +--------+--------+--------+--------+--------+-----+--------+

Top non-repeatable levels by time:
     D:5: 1544 daAuts
     D:3: 1286 daAuts
     D:8: 1269 daAuts
     D:4: 1229 daAuts
     D:7: 1157 daAuts
   Sewer: 1133 daAuts
     D:6: 1031 daAuts
     D:9: 1015 daAuts
    D:10: 963 daAuts
     D:1: 752 daAuts
     D:2: 634 daAuts
  Lair:1: 280 daAuts
 Ossuary: 279 daAuts
  Temple: 40 daAuts
 Abyss:1: 25 daAuts
